 Dungeon Crawl Stone Soup version 0.29-a0-397-g846e4a0bbc (webtiles) character file.

Game seed: 13408094604533339359

65 jlumianski the Skirmisher (level 3, 0/28 (29) HPs)
             Began as a Demonspawn Fighter on May 12, 2022.
             Slain by Natasha (2 damage)
             ... on level 3 of the Dungeon.
             The game lasted 00:07:11 (2106 turns).

jlumianski the Skirmisher (Demonspawn Fighter)      Turns: 2106, Time: 00:07:14

HP:   0/28 (29)     AC:  6    Str: 18    XL:     3   Next: 92%
MP:   3/3           EV:  7    Int:  9    God:
Gold: 71            SH:  8    Dex: 12    Spells: 2/2 levels left

rFire   . . .      SeeInvis .   a - +0 war axe
rCold   . . .      Faith    .   k - +0 kite shield
rNeg    + . .      Spirit   .   b - +0 scale mail
rPois   .          Reflect  .   (helmet restricted)
rElec   .          Harm     .   (no cloak)
rCorr   .          Rampage  .   (no gloves)
Will    .....                   (no boots)
Stlth   ..........              (no amulet)
HPRegen 0.09/turn               p - ring of positive energy
MPRegen 0.08/turn               (no ring)

@: lightly drained
A: antennae 1, foul stench 1
a: no special abilities


You were on level 3 of the Dungeon.
You visited 1 branch of the dungeon, and saw 3 of its levels.

You collected 71 gold pieces.

Inventory:

Hand Weapons
 a - a +0 war axe (weapon)
 u - a +5 short sword of draining
Missiles
 g - 21 stones (quivered)
 m - 6 poisoned darts
Armour
 b - a +0 scale mail (worn)
 c - a +0 buckler
 k - a +0 kite shield (worn)
 n - a +0 chain mail
Jewellery
 p - a ring of positive energy (left hand)
 s - an amulet of faith
Wands
 w - a wand of digging (5)
Scrolls
 e - a scroll of fear {unknown}
 f - 4 scrolls of identify {unknown}
 h - a scroll of amnesia {unknown}
 i - 3 scrolls of teleportation {unknown}
 j - a scroll of fog {unknown}
 l - a scroll of brand weapon {unknown}
 q - a scroll of summoning {unknown}
 r - 3 scrolls of noise {unknown}
Potions
 d - a potion of might
 o - 2 potions of heal wounds
 t - a potion of curing {unknown}
 v - 2 potions of flight {unknown}


   Skills:
 + Level 3.2 Fighting
 + Level 2.6 Axes
 + Level 3.2 Armour
 + Level 0.2 Dodging
 + Level 3.1 Shields


You had 2 spell levels left.
You didn't know any spells.
Your spell library was empty.

Dungeon Overview and Level Annotations

Branches:
Dungeon (3/15)

Altars:

Annotations:
D:3 Natasha


Innate Abilities, Weirdness & Mutations

You have a pair of small antennae on your head.
You may rarely emit foul miasma when damaged in melee.


Message History

The iron imp hits you.
You barely miss Natasha. You hit the iron imp but do no damage.
Natasha barely misses you.
The iron imp hits you but does no damage.
Natasha claws you.
You closely miss Natasha. You hit the iron imp but do no damage.
Natasha casts a spell.
The iron imp hits you but does no damage.
You barely miss Natasha. You hit the iron imp. You closely miss the white imp.
Natasha closely misses you. You block the iron imp's attack.
The white imp barely misses you.
Natasha mumbles some strange words.
The iron imp completely misses you.
You hit Natasha.
Natasha is lightly wounded.
You hit the iron imp. You hit the white imp. The white imp barely misses you.
Natasha closely misses you. The iron imp barely misses you.
The white imp hits you but does no damage.
You closely miss Natasha.
Natasha is lightly wounded.
You barely miss the white imp. You hit the iron imp but do no damage.
Natasha closely misses you.
The white imp hits you but does no damage.
You block Natasha's attack. The iron imp hits you.
* * * LOW HITPOINT WARNING * * *
You barely miss Natasha.
Natasha is lightly wounded.
You hit the iron imp. You hit the white imp but do no damage.
The white imp hits you but does no damage.
Natasha claws you!
* * * LOW HITPOINT WARNING * * *
The iron imp hits you but does no damage.
The white imp barely misses you. You block Natasha's attack.
You hit Natasha.
Natasha is moderately wounded.
You hit the white imp. You hit the iron imp but do no damage.
You block the iron imp's attack.
The white imp hits you but does no damage.
Natasha claws you.
You die...

#.####.#
#.##
#.####.#
#.
#......#
#.
#.######
#. #.# #.#
#.#
..#.####5#
#....5h@5#
..#.######


You could see an iron imp (summoned), Natasha, a white imp (summoned) and a
shadow imp (summoned).

Vanquished Creatures
  Robin (D:2)
  A dart slug (D:2)
  3 orcs (D:3)
  A bat (D:3)
  3 endoplasms
  4 giant cockroaches
  12 goblins
  8 hobgoblins
  2 ball pythons
  3 kobolds
  4 rats
42 creatures vanquished.

Notes
Turn   | Place    | Note
-------+----------+-------------------------------------------
     0 | D:1      | jlumianski the Demonspawn Fighter began the quest for the
                  | Orb.
     0 | D:1      | Reached XP level 1. HP: 18/18 MP: 1/1
   127 | D:1      | Gained mutation: You may rarely emit foul miasma when
                  | damaged in melee. [demonic ancestry]
   127 | D:1      | Reached XP level 2. HP: 22/24 MP: 2/2
   162 | D:1      | Found a faded altar of an unknown god.
   858 | D:2      | Gained mutation: You have a pair of small antennae on your
                  | head. [demonic ancestry]
   858 | D:2      | Reached XP level 3. HP: 22/29 MP: 3/3
   878 | D:2      | Noticed Robin
  1225 | D:2      | Killed Robin
  2092 | D:3      | Noticed Natasha
  2105 | D:3      | HP: 1/28 [Natasha (7)]
  2106 | D:3      | Slain by Natasha

Illustrated notes

Levels and vault maps discovered:
D:1:      giann_forest_graveyard, layout_basic, ebering_ecumenical_altar_mist
D:2:      layout_basic, fountainhead, uniq_robin
D:3:      layout_loops_corners, item_on_display_a, uniq_natasha, uniq_ijyb,
          uniq_crazy_yiuf_cottage

Skill      XL: |  1  2 |
---------------+-------+-----
Armour         | 3 |  3.2
Shields        | 3 |  3.1
Axes           | 2 |  2.6
Fighting       | |  3.2
Dodging        | |  0.2

Action                   || total
-------------------------++-------
Melee: War axe           ||   115
Armor: Scale mail        ||    71
Dodge: Dodged            ||    42
Block: Buckler           ||    10
       Kite shield       ||    48

Table legend: (Time is in decaauts)
 A = Elapsed time spent in this place.
 B = Non-inter-level travel time spent in this place.
 C = Inter-level travel time spent in this place.
 D = Time resting spent in this place.
 E = Time spent auto-exploring this place.
 F = Levels seen in this place.
 G = Mean time per level.
                   A        B        C        D        E       F      G
               +--------+--------+--------+--------+--------+-----+--------+
         Total |   2167 |   2167 |      0 |    524 |    841 |   3 |  722.3 |
       Dungeon |   2167 |   2167 |      0 |    524 |    841 |   3 |  722.3 |
               +--------+--------+--------+--------+--------+-----+--------+

Top non-repeatable levels by time:
     D:2: 1019 daAuts
     D:1: 641 daAuts
     D:3: 505 daAuts
